 Dungeon Crawl Stone Soup version 0.18-a0-1805-g8ab820f (webtiles) character file.

386 Mefis the Magician (level 6, -6/32 HPs)
             Began as a Deep Elf Wizard on Apr 26, 2016.
             Killed by divine providence
             ... invoked by an orc priest
              (12 damage)
             ... on level 4 of the Dungeon.
             The game lasted 01:00:15 (6746 turns).

Mefis the Magician (Deep Elf Wizard)                Turns: 6746, Time: 01:00:16

Health: -6/32      AC:  4    Str:  4    XL:     6   Next: 48%
Magic:  9/17       EV:  9    Int: 25    God:
Gold:   187        SH:  0    Dex: 13    Spells: 7 memorised, 0 levels left

rFire  . . .     SeeInvis +     r - +0 hunting sling
rCold  . . .     Gourm    .     a - +0 robe
rNeg   . . .     Faith    .     (no shield)
rPois  .         Spirit   .     b - +0 hat
rElec  .         Dismiss  .     z - +0 cloak
rCorr  .         Reflect  .     (no gloves)
SustAt .         Harm     .     h - +0 pair of boots
MR     .....                    (no amulet)
Stlth  ++........               (no ring)
                                A - ring of see invisible

@: not resistant to hostile enchantments, unstealthy
A: no striking features
a: no special abilities


You were on level 4 of the Dungeon.
You were not hungry.

You visited 1 branch of the dungeon, and saw 5 of its levels.

You collected 187 gold pieces.

Inventory:

Hand Weapons
 p - a +0 dagger
 q - a +0 dagger of protection
 r - a +0 hunting sling (weapon)
 w - a +4 quarterstaff of chaos
Missiles
 t - 128 stones (quivered)
Armour
 a - a +0 robe (worn)
 b - a +0 hat (worn)
 h - a +0 pair of boots (worn)
 z - a +0 cloak (worn)
Jewellery
 A - a ring of see invisible (left hand)
Wands
 E - a wand of paralysis (10/24)
Scrolls
 e - 3 scrolls of remove curse
 f - a scroll of immolation {unknown}
 n - a scroll of amnesia {unknown}
 u - a scroll of enchant weapon {unknown}
 x - a scroll of blinking {unknown}
 y - a scroll of fear {unknown}
 B - a scroll of teleportation {unknown}
Potions
 g - a potion of curing
 i - a potion of beneficial mutation {unknown}
 j - a potion of might {unknown}
 l - 2 potions of resistance {unknown}
 s - a potion of degeneration {unknown}
 v - a potion of cancellation {unknown}
 D - a potion of berserk rage {unknown}
 F - a potion of lignification {unknown}
Books
 c - a book of Minor Magic

   Spells                             Type                      Level
   a - Magic Dart                     Conjuration                  1
   b - Blink                          Translocation                2
   c - Call Imp                       Summoning                    2
   d - Repel Missiles                 Charms/Air                   2
   e - Slow                           Hexes                        2
   f - Conjure Flame                  Conjuration/Fire             3
   g - Mephitic Cloud                 Conjuration/Poison/Air       3
 o - a book of Battle

   Spells                             Type                      Level
   a - Infusion                       Charms                       1
   b - Shroud of Golubria             Charms/Translocation         2
   c - Song of Slaying                Charms                       2
   d - Spectral Weapon                Hexes/Charms                 3
   e - Regeneration                   Charms/Necromancy            3
 C - the Tome of Warped Companions
   (You found it on level 4 of the Dungeon)

   Spells                             Type                      Level
   a - Summon Butterflies             Summoning                    1
   b - Blink                          Translocation                2
   c - Recall                         Summoning/Translocation      3
   d - Force Lance                    Conjuration/Translocation    4
   e - Summon Forest                  Summoning/Translocation      5
   f - Summon Demon                   Summoning                    5
 G - a book of Death

   Spells                             Type                      Level
   a - Corpse Rot                     Necromancy                   2
   b - Sublimation of Blood           Necromancy                   2
   c - Agony                          Necromancy                   5
   d - Dispel Undead                  Necromancy                   5
   e - Excruciating Wounds            Charms/Necromancy            5
   f - Bolt of Draining               Conjuration/Necromancy       5
Comestibles
 d - a bread ration
 k - 3 meat rations
 m - a slice of pizza


   Skills:
 + Level 4.1 Dodging
 + Level 3.7 Stealth
 + Level 6.0 Spellcasting
 + Level 2.4 Conjurations
 + Level 2.3 Summonings
 + Level 2.1 Translocations
 - Level 1.2 Fire Magic
 + Level 1.6 Air Magic
 + Level 1.8 Poison Magic


You couldn't memorise any spells.
You knew the following spells:

 Your Spells              Type           Power        Failure   Level  Hunger
a - Magic Dart            Conj           ###.         3%          1    None
b - Call Imp              Summ           ###.....     6%          2    None
c - Blink                 Tloc           N/A          6%          2    None
d - Repel Missiles        Chrm/Air       ##....       10%         2    None
e - Mephitic Cloud        Conj/Pois/Air  ###.....     12%         3    None
f - Conjure Flame         Conj/Fire      ###.....     12%         3    None
s - Force Lance           Conj/Tloc      ###.....     34%         4    ###....


Dungeon Overview and Level Annotations

Branches:
Dungeon (5/15)
 Temple: D:4-7

Altars:
Fedhas
Kikubaaqudgha
Ru
Yredelemnul

Shops:
D:4 %

Annotations:
D:4 st0uf's ghost, amateur MiFi


Message History

The orc wizard mumbles some strange words.
The orc wizard blinks!
Your crimson imp blinks!
Your crimson imp misses the orc wizard.
Your crimson imp hits the orc wizard.
The orc wizard gestures at you while chanting.
The magic dart hits you!
* * * LOW HITPOINT WARNING * * *
Your crimson imp closely misses the orc wizard.
The orc wizard casts a spell.
The orc wizard blinks!
There is an open door here.
You see here a hunting sling.
The orc wizard gestures at you while chanting.
The magic dart hits you!
* * * LOW HITPOINT WARNING * * *
There is an escape hatch in the floor here.
There is an escape hatch in the ceiling here.
The orc priest calls down the wrath of Beogh upon you.
Beogh smites you!
You die...

#.........#.#.#.#.#.#.#.#.#.#.#.#
#.........o#.#.#.#.#.#.#.#.#.#.#.
#.........#.#.#.#.#.#.#.#.#.#.#.#
#...(......#5#.#.#.#.#.#.#.#.#.#.
#.........#.#o#.#.#.#.#.#.#.#.#.#
####.......#.#>#.#.#.#.#.#.#.#.#.
#...).....#.....#.#.#.#.#.#.#.#
#.........#.....###############
#.........#...@.#
#......####♣...## ##########
#......# ♣♣..♣ #.........
######## ♣.♣♣ #.######## ♣.♣
#.#....... ♣.♣ #.#.#####. ♣♣.♣
#.#.#...#. ♣♣..♣ #.#.....#. ♣..♣♣
#.###.###.


You could see an orc priest, an orc wizard and a friendly crimson imp.

Vanquished Creatures
  Sigmund (D:2)
  Crazy Yiuf (D:3)
  An orc wizard (D:4)
  Jessica (D:3)
  A centaur skeleton (D:4)
  2 worker ants (D:4)
  An adder (D:2)
  An adder skeleton (D:4)
  3 giant geckos
  3 orcs (D:4)
  9 bats
  A bat zombie (D:4)
  4 giant cockroaches
  8 hobgoblins
  6 jackals
  6 kobolds
  2 quokkas (D:4)
  5 giant newts
  10 goblins
  11 rats
  A rat zombie (D:3)
  A spectral orc (D:2)
79 creatures vanquished.

Vanquished Creatures (collateral kills)
  A worker ant (D:4)
  Robin (D:3)
  An adder (D:2)
  A worm (D:2)
  2 orcs (D:4)
  7 goblins (D:3)
  A hobgoblin (D:3)
14 creatures vanquished.

Grand Total: 93 creatures vanquished

Notes
Turn   | Place    | Note
--------------------------------------------------------------
     0 | D:1      | Mefis the Deep Elf Wizard began the quest for the Orb.
     0 | D:1      | Reached XP level 1. HP: 10/10 MP: 7/7
   150 | D:1      | Reached skill level 5 in Spellcasting
   189 | D:1      | Reached XP level 2. HP: 15/15 MP: 7/10
   193 | D:1      | Learned a level 2 spell: Call Imp
   196 | D:1      | Learned a level 2 spell: Blink
   201 | D:1      | Learned a level 2 spell: Repel Missiles
  1018 | D:1      | Reached XP level 3. HP: 17/19 MP: 2/12
  1099 | D:1      | Learned a level 3 spell: Mephitic Cloud
  1103 | D:1      | Learned a level 3 spell: Conjure Flame
  1369 | D:2      | You fall through a shaft!
  1641 | D:2      | Noticed Sigmund
  1683 | D:2      | Found a basalt altar of Yredelemnul.
  2205 | D:2      | Reached XP level 4. HP: 11/24 MP: 1/13
  2341 | D:2      | Killed Sigmund
  2341 | D:2      | Reached skill level 1 in Fire Magic
  2341 | D:2      | Reached skill level 1 in Air Magic
  2341 | D:2      | Reached skill level 1 in Poison Magic
  2341 | D:2      | Reached XP level 5. HP: 26/28 MP: 6/15
  3038 | D:3      | Found a sacrificial altar of Ru.
  3104 | D:3      | Noticed Crazy Yiuf
  3450 | D:3      | Killed Crazy Yiuf
  3582 | D:3      | Noticed Robin
  3607 | D:3      | Reached skill level 6 in Spellcasting
  3619 | D:3      | Killed Robin
  3623 | D:3      | Noticed Jessica
  3812 | D:3      | Found an ancient bone altar of Kikubaaqudgha.
  3842 | D:3      | Killed Jessica
  3904 | D:3      | Reached XP level 6. HP: 32/32 MP: 13/17
  4070 | D:4      | Identified the Tome of Warped Companions
  4076 | D:4      | Learned a level 4 spell: Force Lance
  4392 | D:4      | Noticed st0uf's ghost (amateur MiFi)
  4477 | D:4      | Found Koitwob's Food Shoppe.
  5249 | D:5      | Entered Level 5 of the Dungeon
  6267 | D:4      | Found a blossoming altar of Fedhas.
  6746 | D:4      | Killed from afar by an orc priest

Vault maps used:
D:1:      dpeg_arrival_central, st_stairs_10, amethyst_killhole,
          roderic_roman_lattice
D:2:      yredelemnul_forgotten_temple_becter, grunt_ministairs_12,
          minmay_door_square, uniq_sigmund
D:3:      old_standard_altar, nicolae_overflow_hidden_temple,
          lemuel_zombie_altar_kikubaaqudgha, serial_bayou_ford_a, uniq_jessica,
          uniq_robin, uniq_crazy_yiuf_cottage
D:4:      serial_shops, shop, fedhas_altar_4
D:5:      temple_doors_e, serial_shops, shop, first_bread,
          nicolae_ru_path_of_blood

Skill      XL: |  1  2  3  4  5  6 |
---------------+-------------------+-----
Spellcasting   | 5 6 |  6.0
Dodging        | 3 4 |  4.1
Stealth        | 3 |  3.7
Conjurations   | 2 |  2.4
Summonings     | 2 |  2.3
Fire Magic     | 1 |  1.2
Air Magic      | 1 |  1.6
Poison Magic   | 1 |  1.8
Translocations | 2 |  2.1

Action                   |  1- 3 |  4- 6 || total
-------------------------+-------+-------++-------
Melee: Unarmed           |     4 |       ||     4
       Dagger            |     7 |     2 ||     9
 Fire: Hunting sling     |       |    31 ||    31
 Cast: Magic Dart        |   115 |    75 ||   190
       Repel Missiles    |     1 |       ||     1
       Call Imp          |    10 |    42 ||    52
       Mephitic Cloud    |     4 |    11 ||    15
       Blink             |     1 |     7 ||     8
       Conjure Flame     |       |     4 ||     4
       Force Lance       |       |     9 ||     9
Evoke: Wand              |       |     6 ||     6
  Use: Scroll            |       |     3 ||     3
 Stab: Sleeping          |     1 |       ||     1
       Confused          |       |     1 ||     1
  Eat: Chunk             |     3 |     6 ||     9
       Pizza             |       |     1 ||     1
       Meat ration       |       |     2 ||     2
Armor: Robe              |    13 |    11 ||    24
Dodge: Dodged            |    29 |    33 ||    62
       Deflected         |     1 |       ||     1
